 Dungeon Crawl Stone Soup version 0.29-a0-520-gc852659d43 (webtiles) character file.

Game seed: 9851906389024032506

102 Nedwor the Twirler (level 4, 0/28 HPs)
             Began as a Gargoyle Gladiator on May 31, 2022.
             Slain by a goblin
             ... wielding a +0 club
             ... led by Robin
              (3 damage)
             ... on level 3 of the Dungeon.
             The game lasted 00:02:26 (2007 turns).

Nedwor the Twirler (Gargoyle Gladiator)             Turns: 2007, Time: 00:02:27

Health: 0/28       AC: 13    Str: 20    XL:     4   Next: 78%
Magic:  4/4        EV:  8    Int:  8    God:
Gold:   128        SH:  0    Dex: 11    Spells: 3/3 levels left

rFire   . . .      SeeInvis .   a - +0 quarterstaff
rCold   . . .      Faith    .   (shield currently unavailable)
rNeg    + . .      Spirit   .   h - +0 chain mail
rPois   ∞          Reflect  .   c - +0 helmet
rElec   +          Harm     .   (no cloak)
rCorr   .          Rampage  .   o - +0 pair of gloves
Will    .....                   (no boots)
Stlth   ..........              (no amulet)
HPRegen 0.09/turn               (no ring)
MPRegen 0.09/turn               (no ring)

@: no status effects
A: sickness immunity, AC +3, negative energy resistance 1, electricity
resistance, torment resistance 1, petrification resistance
a: no special abilities


You were on level 3 of the Dungeon.
You visited 1 branch of the dungeon, and saw 3 of its levels.

You collected 128 gold pieces.

Inventory:

Hand Weapons
 a - a +0 quarterstaff (weapon)
Missiles
 d - 3 throwing nets (quivered)
 e - a javelin
Armour
 c - a +0 helmet (worn)
 h - a +0 chain mail (worn)
 o - a +0 pair of gloves (worn)
Jewellery
 u - a ring of protection from fire
Scrolls
 f - 3 scrolls of amnesia {unknown}
 g - 3 scrolls of fear {unknown}
 j - a scroll of vulnerability {unknown}
 k - a scroll of enchant armour {unknown}
 l - 2 scrolls of enchant weapon {unknown}
 m - a scroll of poison {unknown}
 n - a scroll of noise {unknown}
 r - 2 scrolls of identify {unknown}
 t - a scroll of fog {unknown}
Potions
 b - a potion of mutation {unknown}
 i - 2 potions of curing
 p - a potion of degeneration {unknown}
 q - 2 potions of might {unknown}
 s - a potion of heal wounds {unknown}


   Skills:
 + Level 3.4 Fighting
 * Level 4.7 Staves
 - Level 1.7 Throwing
 - Level 2.4 Dodging


You had 3 spell levels left.
You didn't know any spells.
Your spell library contained the following spells:

 Spells                   Type           Power      Damage    Failure   Level
 Sting                    Tmut/Pois      0%         1d3       99%         1
 Poisonous Vapours        Pois/Air       0%         N/A       100%        2
 Olgreb's Toxic Radiance  Pois           0%         N/A       100%        4


Dungeon Overview and Level Annotations

Branches:
Dungeon (3/15)

Altars:
Makhleb
Xom


Innate Abilities, Weirdness & Mutations

You are immune to sickness and miasma.
Your stone body is resilient. (AC +3)
You are immune to poison.
You resist negative energy. (rN+)
You are resistant to electric shocks. (rElec)
You are resistant to unholy torment.
You are immune to petrification.


Message History

You barely miss the goblin. The goblin hits you but does no damage.
You barely miss the goblin. The goblin hits you but does no damage.
The hobgoblin no longer looks unusually strong.
Robin hits you but does no damage. The goblin hits you with a +0 dagger.
* * * LOW HITPOINT WARNING * * *
The goblin hits you but does no damage.
You hit Robin.
Robin is lightly wounded.
Robin barely misses you. The goblin barely misses you. x2
You hit Robin.
Robin is moderately wounded.
Robin barely misses you. The goblin barely misses you. x2
You completely miss Robin.
Robin is moderately wounded.
The goblin no longer looks unusually strong. x2
Robin roars a battlecry!
The goblins go into a battle-frenzy!
The goblin barely misses you. The goblin closely misses you.
You sock Robin!
Robin is almost dead.
Robin closely misses you. The goblin hits you with a +0 dagger.
* * * LOW HITPOINT WARNING * * *
The goblin barely misses you.
You barely miss Robin.
Robin is almost dead.
Robin drinks a potion.
Robin is healed!
The goblin hits you but does no damage. x2
You sock Robin!
Robin is almost dead.
Robin hits you but does no damage.
The goblin hits you but does no damage. x2
You sock Robin!
You kill Robin!
The goblin hits you but does no damage. x2
You barely miss the hobgoblin. The goblin barely misses you.
The goblin hits you with a +0 club.
* * * LOW HITPOINT WARNING * * *
The hobgoblin hits you but does no damage.
You hit the hobgoblin.
The hobgoblin is lightly wounded.
The goblin hits you but does no damage. The goblin hits you with a +0 club.
You die...

.#
#..##############
.# #..# ## #..#
#..# #..#
...####..#
.........#
#...####g########
.. #>@g......
#g######## ###


You could see a hobgoblin (strong) and 2 goblins.

Vanquished Creatures
  Robin (D:3)
  3 adders (D:2)
  2 worms (D:2)
  3 dart slugs
  4 endoplasms
  2 giant cockroaches
  6 goblins
  5 hobgoblins
  4 ball pythons
  3 bats
  3 frilled lizards
  5 kobolds
  14 rats
55 creatures vanquished.

Notes
Turn   | Place    | Note
-------+----------+-------------------------------------------
     0 | D:1      | Nedwor the Gargoyle Gladiator began the quest for the Orb.
     0 | D:1      | Reached XP level 1. HP: 12/12 MP: 1/1
   158 | D:1      | Reached XP level 2. HP: 17/18 MP: 2/2
   668 | D:1      | Reached XP level 3. HP: 20/22 MP: 3/3
   699 | D:1      | Found a faded altar of an unknown god.
   918 | D:2      | Reached skill level 4 in Staves
  1118 | D:2      | Reached XP level 4. HP: 28/28 MP: 4/4
  1437 | D:2      | Found a shimmering altar of Xom.
  1847 | D:3      | Found a burning altar of Makhleb.
  1982 | D:3      | Noticed Robin
  2005 | D:3      | Killed Robin
  2007 | D:3      | Slain by a goblin

Illustrated notes

Levels and vault maps discovered:
D:1:      dpeg_arrival_ratfight, layout_basic,
          dilly_ecumenical_altar_fadedgnrine
D:2:      layout_basic, basic_altar
D:3:      layout_basic, bloody_makhleb, pdpol_wu_jian_five_deadly_venoms,
          uniq_robin

Skill      XL: |  1  2  3 |
---------------+----------+-----
Staves         | 4 |  4.7
Fighting       | 3 |  3.4
Throwing       | |  1.7
Dodging        | |  2.4

Action                   |  1- 3 |  4- 6 || total
-------------------------+-------+-------++-------
Melee: Quarterstaff      |   101 |    58 ||   159
Armor: Chain mail        |    54 |    44 ||    98
       Leather armour    |     6 |       ||     6
Dodge: Dodged            |    36 |    34 ||    70

Table legend: (Time is in decaauts)
 A = Elapsed time spent in this place.
 B = Non-inter-level travel time spent in this place.
 C = Inter-level travel time spent in this place.
 D = Time resting spent in this place.
 E = Time spent auto-exploring this place.
 F = Levels seen in this place.
 G = Mean time per level.
                   A        B        C        D        E       F      G
               +--------+--------+--------+--------+--------+-----+--------+
         Total |   2022 |   1982 |     40 |      0 |   1609 |   3 |  674.0 |
       Dungeon |   2022 |   1982 |     40 |      0 |   1609 |   3 |  674.0 |
               +--------+--------+--------+--------+--------+-----+--------+

Top non-repeatable levels by time:
     D:1: 914 daAuts
     D:2: 885 daAuts
     D:3: 222 daAuts
